[Event "FIDE World Rapid Chess Championship 2021"]
[White "Mikhalevski, Victor"]
[Black "Postny, Evgeny"]
[WhiteFideId "2801914"]
[BlackFideId "2804344"]
[WhiteElo "2366"]
[BlackElo "2454"]
[Result "1-0"]
[Round "06"]
[TimeControl "900+10"]
[Date "2021.12.27"]
[WhiteClock "0:01:19"]
[BlackClock "0:00:42"]

1. Nf3 Nf6 2. c4 e6 3. g3 d5 4. b3 d4 5. Bg2 c5 6. e3 Nc6 7. O-O Be7 8. exd4 cxd4 9. Re1 O-O 10. Ne5 Nxe5 11. Rxe5 Nd7 12. Re1 Nc5 13. d3 a5 14. Na3 Bd7 15. Nc2 Bc6 16. Bxc6 bxc6 17. f4 Re8 18. Qf3 Qd7 19. Re2 Bf6 20. Ba3 Na6 21. Rae1 g6 22. g4 c5 23. Bc1 Nb4 24. Na3 Qc6 25. Qxc6 Nxc6 26. Nb5 Red8 27. a3 a4 28. bxa4 Rxa4 29. f5 gxf5 30. gxf5 e5 31. Bh6 Kh8 32. Rg2 Ne7 33. Kh1 Ra6 34. Rf1 Ng8 35. Bc1 Ne7 36. Rg4 h5 37. Re4 Rg8 38. Rf3 Rg4 39. Rh3 Rxe4 40. Rxh5+ Kg8 41. dxe4 Ra4 42. Nd6 Nc6 43. Rh3 Be7 44. Rg3+ Kh7 45. Nxf7 Rxc4 46. Bg5 Bxg5 47. Rxg5 Rc1+ 48. Kg2 Rc2+ 49. Kg3 Rc3+ 50. Kh4 Rf3 51. Rg6 Ne7 52. Ng5+ Kh8 53. Nxf3 Nxg6+ 54. fxg6 c4 55. Nxe5 1-0


[Site "http://www.Chess.com"]

[Event "FIDE World Rapid Chess Championship 2021"]
[White "Lopusiewicz, Piotr"]
[Black "Heberla, Bartlomiej"]
[WhiteFideId "1116029"]
[BlackFideId "1115120"]
[WhiteElo "2197"]
[BlackElo "2437"]
[Result "0-1"]
[Round "06"]
[TimeControl "900+10"]
[Date "2021.12.27"]
[WhiteClock "0:00:17"]
[BlackClock "0:09:32"]

1. d4 d5 2. c4 e6 3. Nf3 Nf6 4. Nc3 Nbd7 5. cxd5 exd5 6. Bg5 c6 7. e3 Be7 8. Bd3 O-O 9. h3 Ne4 10. Bf4 Ndf6 11. Qc2 Re8 12. O-O Bf5 13. Rfe1 Bg6 14. Ne5 Bd6 15. Nxg6 hxg6 16. Bxd6 Nxd6 17. Na4 g5 18. f3 Rc8 19. Qf2 g6 20. Nc3 Nh5 21. g4 Ng7 22. Rad1 Ne6 23. Rf1 Qf6 24. Bb1 Rc7 25. f4 gxf4 26. exf4 Rce7 27. f5 Ng5 28. Qg2 Qh8 29. Rd3 Re3 30. fxg6 Nxh3+ 0-1


[Site "http://www.Chess.com"]

[Event "FIDE World Rapid Chess Championship 2021"]
[White "Janik, Igor"]
[Black "Yunusov, Mukhammad"]
[WhiteFideId "1159259"]
[BlackFideId "14700930"]
[WhiteElo "2462"]
[BlackElo "1832"]
[Result "1-0"]
[Round "06"]
[TimeControl "900+10"]
[Date "2021.12.27"]
[WhiteClock "0:16:00"]
[BlackClock "0:00:21"]

1. d4 d5 2. Bf4 Nf6 3. e3 c5 4. c3 Nc6 5. Nd2 Qb6 6. Qb3 Qxb3 7. axb3 Bf5 8. Bb5 e6 9. Ngf3 Nd7 10. Ke2 Be7 11. Bxc6 bxc6 12. Ra6 cxd4 13. exd4 O-O 14. Rha1 e5 15. Nxe5 Nxe5 16. dxe5 Bc5 17. Rxc6 Bb6 18. Be3 Bxe3 19. Kxe3 Rfe8 20. Kd4 f6 21. f4 fxe5+ 22. fxe5 Bg6 23. Rc7 a5 24. b4 a4 25. b5 Rf8 26. b6 Rab8 27. b7 Rf7 28. Rc8+ Rf8 29. Rxf8+ Kxf8 30. Rxa4 Rxb7 31. Rb4 Ra7 32. Nf3 Be4 33. e6 Ke7 34. Ke5 h6 35. Nd4 Rc7 36. Rb6 g5 37. Nc6+ Kf8 38. Kf6 Rc8 39. Ne5 g4 40. Rb7 d4 41. Rf7+ Kg8 42. Rg7+ 1-0


[Site "http://www.Chess.com"]

[Event "FIDE World Rapid Chess Championship 2021"]
[White "Baum, Jonasz"]
[Black "Zilka, Stepan"]
[WhiteFideId "1195360"]
[BlackFideId "315303"]
[WhiteElo "2343"]
[BlackElo "2474"]
[Result "1/2-1/2"]
[Round "06"]
[TimeControl "900+10"]
[Date "2021.12.27"]
[WhiteClock "0:00:44"]
[BlackClock "0:05:00"]

1. d4 Nf6 2. c4 e6 3. Nf3 d5 4. g3 Be7 5. Bg2 O-O 6. Nc3 a6 7. O-O Nbd7 8. Ne5 Nxe5 9. dxe5 Nd7 10. cxd5 Nxe5 11. dxe6 fxe6 12. Qb3 Qd4 13. Be3 Qb4 14. Qxb4 Bxb4 15. Ne4 Nc4 16. Bc5 Bxc5 17. Nxc5 Rb8 18. Rac1 Nd6 19. Rfd1 b6 20. Nb3 Rf7 21. Nd4 b5 22. Nc6 Rb6 23. Rxd6 cxd6 24. Nd8 Rb8 25. Nxf7 Kxf7 26. Rc7+ Kf6 27. Rc6 Ke7 28. Rc7+ Kf6 29. Rc6 Ke7 30. Rc7+ Kf6 1/2-1/2


[Site "http://www.Chess.com"]

[Event "FIDE World Rapid Chess Championship 2021"]
[White "Nasuta, Grzegorz"]
[Black "Tang, Andrew"]
[WhiteFideId "1141686"]
[BlackFideId "2059630"]
[WhiteElo "2345"]
[BlackElo "2427"]
[Result "0-1"]
[Round "06"]
[TimeControl "900+10"]
[Date "2021.12.27"]
[WhiteClock "0:00:37"]
[BlackClock "0:00:49"]

1. e4 e5 2. Nf3 Nc6 3. Bb5 a6 4. Ba4 Nf6 5. O-O Be7 6. d3 b5 7. Bb3 d6 8. c3 O-O 9. a4 b4 10. a5 Rb8 11. Nbd2 Be6 12. Nc4 Nd7 13. Ba4 Na7 14. Be3 c5 15. Bxd7 Qxd7 16. Nb6 Qb7 17. cxb4 cxb4 18. Qa4 Bg4 19. Rfc1 Nb5 20. Nd2 f5 21. f3 f4 22. Bf2 Be6 23. Qxb4 g5 24. d4 Kh8 25. dxe5 dxe5 26. Bc5 Bxc5+ 27. Qxc5 Qg7 28. Ndc4 Bxc4 29. Rxc4 g4 30. fxg4 f3 31. g3 h5 32. gxh5 f2+ 33. Kg2 Qf6 34. Kf1 Rbd8 35. Rc3 Nxc3 36. Qxc3 Qg5 37. Nd5 Qxh5 38. Kg2 f1=Q+ 39. Rxf1 Qe2+ 40. Kh3 Qxf1+ 41. Kh4 Rde8 42. Qc6 Qf7 0-1


[Site "http://www.Chess.com"]

[Event "FIDE World Rapid Chess Championship 2021"]
[White "Nevednichy, Vladislav"]
[Black "Kolosowski, Mateusz"]
[WhiteFideId "1205730"]
[BlackFideId "1129708"]
[WhiteElo "2425"]
[BlackElo "2371"]
[Result "1-0"]
[Round "06"]
[TimeControl "900+10"]
[Date "2021.12.27"]
[WhiteClock "0:00:46"]
[BlackClock "0:00:33"]

1. e4 e5 2. Nf3 Nc6 3. d3 Nf6 4. g3 d5 5. exd5 Nxd5 6. Bg2 Be7 7. O-O O-O 8. Re1 Bf6 9. Nbd2 Re8 10. a3 Bf5 11. Ne4 Be7 12. Bd2 Qd7 13. b4 Bf8 14. c4 Nb6 15. Bc3 Rad8 16. b5 Nd4 17. Nxd4 exd4 18. Bb4 Bg4 19. Qb3 Qf5 20. Bxf8 Rxf8 21. f3 Bh5 22. g4 Bxg4 23. fxg4 Qxg4 24. Nf2 Qg5 25. Nh3 Qh6 26. c5 Nd7 27. Qd5 Qd2 28. Qxd4 Nf6 29. Qe3 Qb2 30. Nf2 Qxb5 31. Reb1 Qd7 32. Rxb7 Rfe8 33. Qg3 Qd4 34. Rf1 Nh5 35. Qxc7 Rf8 36. c6 Nf4 37. Kh1 Nxg2 38. Kxg2 Rd6 39. Ne4 Rg6+ 40. Ng3 Qd5+ 41. Kg1 Rxc6 42. Qd7 Rd6 43. Qe7 Qd4+ 44. Kg2 Re6 45. Qxf7+ 1-0


[Site "http://www.Chess.com"]

[Event "FIDE World Rapid Chess Championship 2021"]
[White "Sadzikowski, Daniel"]
[Black "Blanco Acevedo, Cristobal Jose"]
[WhiteFideId "1132253"]
[BlackFideId "3900525"]
[WhiteElo "2414"]
[BlackElo "2289"]
[Result "1/2-1/2"]
[Round "06"]
[TimeControl "900+10"]
[Date "2021.12.27"]
[WhiteClock "0:00:33"]
[BlackClock "0:01:08"]

1. e4 c5 2. Nf3 Nc6 3. Bb5 e6 4. Bxc6 bxc6 5. d3 Ne7 6. Nc3 Ng6 7. O-O e5 8. Ne2 Be7 9. Ng3 d6 10. Nf5 Bf6 11. Nd2 O-O 12. Nc4 d5 13. Nce3 c4 14. dxc4 dxe4 15. Ng3 Qc7 16. b3 Be7 17. Nef5 Bb4 18. Qe2 Nf4 19. Qxe4 g6 20. Nd4 Bc3 21. Bxf4 exf4 22. Nge2 Bxa1 23. Rxa1 Bd7 24. Qxf4 Qxf4 25. Nxf4 Rfe8 26. Nd3 Re4 27. Nf3 Re2 28. Nd4 Re4 29. Nf3 Re2 30. Rc1 Rd8 31. Kf1 Re7 32. Re1 Rxe1+ 33. Nfxe1 f6 34. Ke2 Kf7 35. a4 Ke7 36. Ke3 Kd6 37. f3 Bf5 38. Kd2 g5 39. Nf2 h5 40. h3 Ke5+ 41. Ned3+ Kd6 42. Ke3 Re8+ 43. Kd2 Rd8 44. Kc3 Re8 45. Kd2 Rd8 1/2-1/2


[Site "http://www.Chess.com"]

[Event "FIDE World Rapid Chess Championship 2021"]
[White "Sankalp, Gupta"]
[Black "Saraci, Nderim"]
[WhiteFideId "5097010"]
[BlackFideId "6351921"]
[WhiteElo "2266"]
[BlackElo "2414"]
[Result "1-0"]
[Round "06"]
[TimeControl "900+10"]
[Date "2021.12.27"]
[WhiteClock "0:01:09"]
[BlackClock "0:00:14"]

1. d4 d5 2. Nf3 Nf6 3. c3 Bf5 4. Qb3 b6 5. c4 e6 6. Nc3 Be7 7. g3 O-O 8. Bg2 c6 9. Ne5 Nfd7 10. Nd3 Bxd3 11. exd3 Nf6 12. O-O dxc4 13. dxc4 Qxd4 14. Rd1 Qg4 15. Be3 Nbd7 16. h3 Qg6 17. Bxc6 Rad8 18. Qa4 Ne5 19. Bg2 Rc8 20. Qxa7 Bb4 21. Qxb6 Bxc3 22. bxc3 Nxc4 23. Qa7 Nd5 24. Bd4 Ra8 25. Qd7 Rfd8 26. Qb5 Na3 27. Qe2 Nc2 28. Rac1 Nxd4 29. Rxd4 Qf6 30. Qd2 Rac8 31. c4 Nb6 32. Rxd8+ Rxd8 33. Qc2 Rc8 34. c5 Nd5 35. c6 g6 36. Bxd5 exd5 37. c7 Qa6 38. a4 d4 39. Qc4 Qd6 40. a5 d3 41. Rd1 d2 42. Qc3 Rxc7 43. Qxd2 Qxd2 44. Rxd2 Rc1+ 45. Kg2 Ra1 46. Rd5 h5 47. Kf3 Ra2 48. Ke3 Kg7 49. Kd4 Rxf2 50. Kc5 Rf3 51. a6 Rxg3 52. a7 Ra3 53. Kb6 Rxa7 54. Kxa7 Kf6 55. Kb6 g5 56. Kc5 1-0


[Site "http://www.Chess.com"]

[Event "FIDE World Rapid Chess Championship 2021"]
[White "Tologontegin, Semetey"]
[Black "Kadric, Denis"]
[WhiteFideId "13800574"]
[BlackFideId "14403803"]
[WhiteElo "2300"]
[BlackElo "2542"]
[Result "1-0"]
[Round "06"]
[TimeControl "900+10"]
[Date "2021.12.27"]
[WhiteClock "0:00:35"]
[BlackClock "0:00:15"]

1. c4 g6 2. g3 Bg7 3. Bg2 d6 4. Nc3 Nh6 5. h4 Nd7 6. d3 Nf6 7. e4 c6 8. Nge2 Nhg4 9. O-O O-O 10. d4 e5 11. dxe5 Nxe5 12. b3 Re8 13. Ba3 Bf8 14. Qd4 Qa5 15. Bb2 a6 16. a4 Bg4 17. f3 Be6 18. Ba3 Rad8 19. Rfd1 Qc7 20. Rac1 Qb8 21. Kh1 Bc8 22. Nf4 Be7 23. Rd2 h6 24. Rcd1 g5 25. Nfe2 gxh4 26. gxh4 Ng6 27. Qe3 Kh7 28. f4 Ng4 29. Qg1 Bxh4 30. Bxd6 Rxd6 31. Rxd6 Nf2+ 32. Kh2 Nxd1 33. Qxd1 Be7 34. c5 Bg4 35. e5 Nxf4 36. Qf1 Bxd6 37. cxd6 Ne6 38. Qxf7+ Ng7 39. Be4+ Kh8 40. Nf4 Re6 41. Ng6+ 1-0


[Site "http://www.Chess.com"]

[Event "FIDE World Rapid Chess Championship 2021"]
[White "Lubczynski, Rafal"]
[Black "Carlsson, Pontus"]
[WhiteFideId "1126091"]
[BlackFideId "1705814"]
[WhiteElo "2289"]
[BlackElo "2436"]
[Result "1/2-1/2"]
[Round "06"]
[TimeControl "900+10"]
[Date "2021.12.27"]
[WhiteClock "0:00:17"]
[BlackClock "0:00:32"]

1. Nf3 Nf6 2. c4 e6 3. g3 d5 4. Bg2 dxc4 5. Qa4+ Nbd7 6. O-O a6 7. Qxc4 b5 8. Qc2 Bb7 9. a4 c5 10. b3 Be7 11. Bb2 O-O 12. Nc3 Qb6 13. d3 Rac8 14. e4 c4 15. bxc4 bxc4 16. Rab1 cxd3 17. Qxd3 Qa5 18. Qe2 Ba8 19. Rfc1 Bb4 20. Na2 Rxc1+ 21. Bxc1 Bc5 22. Bd2 Qxa4 23. Nc3 Qa3 24. e5 Ng4 25. Nd1 Bxf3 26. Bxf3 Ngxe5 27. Be4 Be7 28. Rb7 Qa4 29. Ra7 Nc5 30. Bg2 Bf6 31. Bc3 Ned7 32. Bxf6 Nxf6 33. h3 h6 34. Nb2 Qd4 35. Nc4 Nd3 36. Rc7 Nb4 37. Ne5 Nbd5 38. Rb7 Nc3 39. Qe1 Qc5 40. Nxf7 Rxf7 41. Qxe6 Qf8 42. Rxf7 Qxf7 43. Qc8+ Qe8 44. Qxc3 Qe6 45. Bf1 Kh8 46. Qa5 Qd6 47. Qxa6 Qxa6 48. Bxa6 g5 49. f3 Nh5 50. Kf2 Kg7 51. Be2 Kf6 52. Bb5 Ke7 53. Bc6 Kf6 54. Be8 Ng7 55. Bd7 Ke7 56. Bg4 Kf6 57. Ke3 Ke5 58. f4+ gxf4+ 59. gxf4+ Kf6 60. Ke4 Ne8 61. Kf3 Nd6 62. Kg3 Ne4+ 63. Kh4 Kg6 64. Bd1 Nf6 65. Bc2+ Kg7 66. Bb1 Kf7 67. Bc2 1/2-1/2


[Site "http://www.Chess.com"]

[Event "FIDE World Rapid Chess Championship 2021"]
[White "Korobov, Anton"]
[Black "Grischuk, Alexander"]
[WhiteFideId "14105730"]
[BlackFideId "4126025"]
[WhiteElo "2689"]
[BlackElo "2763"]
[Result "0-1"]
[Round "07"]
[TimeControl "900+10"]
[Date "2021.12.27"]
[WhiteClock "0:00:36"]
[BlackClock "0:00:29"]

1. d4 Nf6 2. c4 e6 3. Nc3 Bb4 4. e3 O-O 5. Ne2 d5 6. a3 Bd6 7. c5 Be7 8. b4 c6 9. Ng3 b6 10. Bd2 a5 11. Rb1 axb4 12. axb4 Nbd7 13. Ra1 Rxa1 14. Qxa1 h5 15. Bd3 h4 16. Nge2 h3 17. g3 e5 18. O-O e4 19. Bc2 Nh7 20. f4 exf3 21. Rxf3 Ng5 22. Rf1 Nf6 23. Qa7 Bg4 24. Bc1 Nfe4 25. Nxe4 Nxe4 26. Nf4 bxc5 27. bxc5 Bg5 28. Nd3 Be2 29. Re1 Bxd3 30. Bxd3 Qf6 31. Qa2 Qe6 32. Qe2 g6 33. Qf3 Kg7 34. Rf1 Rb8 35. g4 Rh8 36. Bxe4 dxe4 37. d5 cxd5 38. Bb2+ f6 39. Qg3 Rh4 40. Kh1 Rxg4 41. Qc7+ Qf7 42. Qd6 Rg2 43. Bd4 Rc2 44. c6 Kh6 45. Rg1 Qe8 46. Qg3 Qe6 47. Qb8 Kh5 48. c7 Qf5 49. Qh8+ Bh6 0-1


[Site "http://www.Chess.com"]

[Event "FIDE World Rapid Chess Championship 2021"]
[White "Fedoseev, Vladimir"]
[Black "Gelfand, Boris"]
[WhiteFideId "24130737"]
[BlackFideId "2805677"]
[WhiteElo "2692"]
[BlackElo "2648"]
[Result "1/2-1/2"]
[Round "07"]
[TimeControl "900+10"]
[Date "2021.12.27"]
[WhiteClock "0:00:20"]
[BlackClock "0:00:37"]

1. d4 Nf6 2. c4 e6 3. Nf3 d5 4. Nc3 c6 5. e3 Nbd7 6. Qc2 Bd6 7. Bd3 O-O 8. O-O Re8 9. e4 dxc4 10. Bxc4 e5 11. Rd1 exd4 12. Nxd4 Qc7 13. g3 Ne5 14. Be2 Bh3 15. Bf4 Rad8 16. Rac1 Qe7 17. Be3 Kh8 18. f3 Ng6 19. Bf1 Bc8 20. Kh1 h6 21. Bg2 h5 22. Qf2 h4 23. g4 Bxg4 24. fxg4 Nxg4 25. Qe2 Nxe3 26. Qxe3 Bf4 27. Qf2 Bxc1 28. Rxc1 Ne5 29. Rf1 Qg5 30. Bh3 Rd6 31. Rg1 Qf6 32. Nf5 g6 33. Rg5 Qxg5 34. Nxd6 Re7 35. Ne2 Kh7 36. Ng1 Nd3 37. Qd4 Nf4 38. Bf1 Ne6 39. Qf2 Qf4 40. Qxf4 Nxf4 41. Nf3 f6 42. Kg1 g5 43. e5 fxe5 44. Nxg5+ Kg6 45. Nge4 1/2-1/2


[Site "http://www.Chess.com"]

[Event "FIDE World Rapid Chess Championship 2021"]
[White "Nakamura, Hikaru"]
[Black "Anton Guijarro, David"]
[WhiteFideId "2016192"]
[BlackFideId "2285525"]
[WhiteElo "2836"]
[BlackElo "2627"]
[Result "1/2-1/2"]
[Round "07"]
[TimeControl "900+10"]
[Date "2021.12.27"]
[WhiteClock "0:03:45"]
[BlackClock "0:01:01"]

1. d4 d5 2. c4 e6 3. Nc3 Bb4 4. cxd5 exd5 5. Bf4 c5 6. e3 c4 7. Ne2 Nc6 8. a3 Ba5 9. b4 cxb3 10. Qxb3 Be6 11. f3 Nf6 12. Kf2 O-O 13. Na4 Nh5 14. h4 b6 15. g4 Nxf4 16. Nxf4 Qd6 17. Qb2 Rac8 18. Ba6 Rc7 19. Rac1 Ne7 20. Rxc7 Qxc7 21. Rc1 Qd6 22. Bd3 f5 23. g5 Ng6 24. Nxg6 Qh2+ 25. Kf1 Qh1+ 26. Kf2 Qh2+ 27. Kf1 Qh1+ 28. Kf2 1/2-1/2


[Site "http://www.Chess.com"]

[Event "FIDE World Rapid Chess Championship 2021"]
[White "Duda, Jan-Krzysztof"]
[Black "Hovhannisyan, Robert"]
[WhiteFideId "1170546"]
[BlackFideId "13302507"]
[WhiteElo "2801"]
[BlackElo "2613"]
[Result "1-0"]
[Round "07"]
[TimeControl "900+10"]
[Date "2021.12.27"]
[WhiteClock "0:01:54"]
[BlackClock "0:00:25"]

1. d4 d5 2. Nf3 Nf6 3. c4 c6 4. e3 Bg4 5. h3 Bh5 6. g4 Bg6 7. Ne5 Nbd7 8. Nxg6 hxg6 9. Nd2 e6 10. Bg2 g5 11. O-O Bd6 12. Re1 O-O 13. e4 dxe4 14. Nxe4 Nxe4 15. Rxe4 Re8 16. Be3 Nf8 17. Qd2 f6 18. Rd1 Ng6 19. d5 exd5 20. cxd5 c5 21. Re6 Nf8 22. Be4 Qc7 23. Qc2 Kh8 24. Bf5 Nxe6 25. Bxe6 Rad8 26. Qg6 Rxe6 27. dxe6 Kg8 28. Rxd6 Qxd6 29. Qf7+ Kh7 30. e7 Rc8 31. Qh5+ Kg8 32. e8=Q+ Rxe8 33. Qxe8+ Kh7 34. Qe4+ Kh6 35. h4 g6 36. hxg5+ fxg5 37. Qh1+ Kg7 38. Qxb7+ 1-0


[Site "http://www.Chess.com"]

[Event "FIDE World Rapid Chess Championship 2021"]
[White "Volokitin, Andrei"]
[Black "Caruana, Fabiano"]
[WhiteFideId "14107090"]
[BlackFideId "2020009"]
[WhiteElo "2631"]
[BlackElo "2770"]
[Result "1/2-1/2"]
[Round "07"]
[TimeControl "900+10"]
[Date "2021.12.27"]
[WhiteClock "0:00:15"]
[BlackClock "0:00:17"]

1. e4 e5 2. Nf3 Nc6 3. Bc4 Nf6 4. d3 Be7 5. O-O O-O 6. Re1 d6 7. a4 Be6 8. a5 a6 9. Nbd2 Qd7 10. Nf1 Bxc4 11. dxc4 Rae8 12. c3 Bd8 13. b4 Ne7 14. Bg5 Ng6 15. Bxf6 Bxf6 16. Ne3 Qe6 17. g3 Ne7 18. Kg2 g6 19. h4 Bg7 20. h5 Bh6 21. hxg6 hxg6 22. Nd5 Nxd5 23. cxd5 Qd7 24. Rh1 Kg7 25. Qd3 f5 26. Rh4 fxe4 27. Qxe4 Qf5 28. Rah1 Rh8 29. Rg4 Kf6 30. Qc4 e4 31. Nh2 Bg5 32. Qxc7 Qxd5 33. c4 Qc6 34. Qxc6 bxc6 35. Rd1 Re6 36. f4 Bh6 37. Rh4 Bg7 38. Ng4+ Ke7 39. Rxh8 Bxh8 40. b5 cxb5 41. cxb5 axb5 42. a6 Kd7 43. a7 Re8 44. Ne5+ Ke6 45. Nxg6 Bc3 46. f5+ Kxf5 47. Ne7+ Kg4 48. Nd5 b4 49. Nc7 Rc8 50. a8=Q Rxa8 51. Nxa8 e3 52. Rb1 b3 53. Rxb3 e2 54. Rb1 e1=Q 55. Rxe1 Bxe1 56. Nb6 Bxg3 57. Nc4 Bf4 58. Nxd6 Bxd6 1/2-1/2


[Site "http://www.Chess.com"]

[Event "FIDE World Rapid Chess Championship 2021"]
[White "Giri, Anish"]
[Black "Van Foreest, Jorden"]
[WhiteFideId "24116068"]
[BlackFideId "1039784"]
[WhiteElo "2767"]
[BlackElo "2563"]
[Result "1/2-1/2"]
[Round "07"]
[TimeControl "900+10"]
[Date "2021.12.27"]
[WhiteClock "0:00:44"]
[BlackClock "0:00:25"]

1. c4 Nf6 2. Nf3 e6 3. g3 d5 4. Bg2 d4 5. O-O c5 6. e3 Nc6 7. d3 Be7 8. exd4 cxd4 9. Re1 O-O 10. Ne5 Nxe5 11. Rxe5 h6 12. Nd2 Qc7 13. Re1 e5 14. a3 Re8 15. b4 a5 16. Rb1 axb4 17. axb4 Bf5 18. Qf3 Bd7 19. b5 b6 20. Ne4 Nxe4 21. Qxe4 Ra2 22. Rb2 Rxb2 23. Bxb2 Bc5 24. Ra1 g6 25. Qe2 Bf5 26. Bd5 Be6 27. Bc6 Bd7 28. Be4 Bb4 29. Bc1 Kg7 30. Ra4 Ba5 31. Bd2 Bxd2 32. Qxd2 Re7 33. Qb4 Bf5 34. Qe1 Bxe4 35. Qxe4 Qb7 36. Qxb7 Rxb7 37. Ra8 e4 38. Rd8 exd3 39. Rxd4 Rc7 40. Kf1 Kf6 41. Rxd3 Rxc4 42. Rd6+ Ke5 43. Rxb6 Rb4 44. Kg2 Rb3 45. g4 Kf4 46. h3 Kg5 47. Rb7 h5 48. gxh5 Kxh5 49. b6 Kg5 50. Rb8 Kf5 51. Rb7 Kg5 52. f4+ Kf6 53. h4 Ke6 54. f5+ Kxf5 55. Rxf7+ Kg4 56. Rf6 Kxh4 57. Rxg6 Kh5 58. Rc6 Kg5 59. Kf2 Kf5 60. Ke2 Ke5 61. Kd2 Kd5 62. Rh6 Kc5 63. Kc2 Rxb6 64. Rxb6 Kxb6 1/2-1/2


[Site "http://www.Chess.com"]

[Event "FIDE World Rapid Chess Championship 2021"]
[White "Movsesian, Sergei"]
[Black "Maghsoodloo, Parham"]
[WhiteFideId "310204"]
[BlackFideId "12539929"]
[WhiteElo "2667"]
[BlackElo "2512"]
[Result "1-0"]
[Round "07"]
[TimeControl "900+10"]
[Date "2021.12.27"]
[WhiteClock "0:01:21"]
[BlackClock "0:00:00"]

1. e4 c5 2. Nc3 Nc6 3. g3 g6 4. Bg2 Bg7 5. d3 Rb8 6. Be3 d6 7. Qd2 b5 8. Nge2 b4 9. Nd1 a5 10. O-O Nd4 11. Nc1 h5 12. c3 Nb5 13. Ne2 h4 14. Bg5 hxg3 15. fxg3 Nf6 16. Nf2 Nc7 17. a3 Ne6 18. Be3 Nd7 19. axb4 axb4 20. d4 Nb6 21. Qd3 Bd7 22. Nf4 Nc7 23. dxc5 Bb5 24. cxb6 Bxd3 25. bxc7 Qxc7 26. N2xd3 bxc3 27. Ra7 Qc4 28. bxc3 e6 29. e5 O-O 30. exd6 Qxc3 31. Rc7 Qa3 32. Bc5 Qa5 33. h4 Rb3 34. Kh2 e5 35. Nxg6 Rxd3 36. Nxf8 Rd2 37. Rcxf7 e4 38. d7 Qa2 39. R7f2 Bxf8 40. Rxd2 Qxd2 41. Rxf8+ 1-0


[Site "http://www.Chess.com"]

[Event "FIDE World Rapid Chess Championship 2021"]
[White "Rapport, Richard"]
[Black "Dreev, Aleksey"]
[WhiteFideId "738590"]
[BlackFideId "4100107"]
[WhiteElo "2750"]
[BlackElo "2621"]
[Result "1-0"]
[Round "07"]
[TimeControl "900+10"]
[Date "2021.12.27"]
[WhiteClock "0:01:14"]
[BlackClock "0:00:00"]

1. e4 c6 2. d4 d5 3. exd5 cxd5 4. Nf3 Nc6 5. c3 Bg4 6. h3 Bxf3 7. Qxf3 e6 8. Bd3 g6 9. Nd2 Bh6 10. h4 Qf6 11. Qe2 Nge7 12. Bb5 Qg7 13. g4 Bf4 14. Qf3 g5 15. hxg5 Bxg5 16. Qg3 Qf6 17. Rh5 h6 18. Nc4 Bxc1 19. Nd6+ Kd7 20. Rxc1 Rab8 21. c4 Rhg8 22. Kf1 a6 23. Ba4 Qg6 24. Rh4 h5 25. Qf4 Qd3+ 26. Kg1 dxc4 27. Nxc4 b5 28. d5 exd5 29. Qd6+ Ke8 30. Ne5 Qd2 31. Rxc6 Rd8 32. Qf6 Qe1+ 33. Kh2 Rf8 34. Rc7 Qb4 35. gxh5 Qd6 36. Rxe7+ 1-0


[Site "http://www.Chess.com"]

[Event "FIDE World Rapid Chess Championship 2021"]
[White "Wojtaszek, Radoslaw"]
[Black "Petrosian, Tigran L."]
[WhiteFideId "1118358"]
[BlackFideId "13301616"]
[WhiteElo "2743"]
[BlackElo "2621"]
[Result "1-0"]
[Round "07"]
[TimeControl "900+10"]
[Date "2021.12.27"]
[WhiteClock "0:07:33"]
[BlackClock "0:00:29"]

1. d4 d6 2. Nf3 Bg4 3. c4 Bxf3 4. exf3 c6 5. d5 Nf6 6. Nc3 g6 7. Be2 Bg7 8. O-O O-O 9. Be3 Nbd7 10. Rc1 cxd5 11. cxd5 a6 12. f4 Rc8 13. g4 Qa5 14. g5 Rxc3 15. Rxc3 Nxd5 16. Ra3 Nxe3 17. Rxa5 Nxd1 18. Rxd1 Bxb2 19. Rb1 Bc3 20. Ra3 Bd2 21. Rxb7 Nc5 22. Rxe7 Bxf4 23. Rf3 Bxg5 24. Rexf7 Rxf7 25. Bc4 a5 26. Rxf7 Kh8 27. f4 Bh4 28. Kg2 Be1 29. Rf6 Kg7 30. Rxd6 Bb4 31. Kf3 Kh6 32. Rd8 Kg7 33. Rc8 Kh6 34. Rc7 1-0


[Site "http://www.Chess.com"]

[Event "FIDE World Rapid Chess Championship 2021"]
[White "Dubov, Daniil"]
[Black "Efimenko, Zahar"]
[WhiteFideId "24126055"]
[BlackFideId "14107201"]
[WhiteElo "2735"]
[BlackElo "2609"]
[Result "1/2-1/2"]
[Round "07"]
[TimeControl "900+10"]
[Date "2021.12.27"]
[WhiteClock "0:05:30"]
[BlackClock "0:00:33"]

1. c4 e5 2. Nc3 d6 3. g3 f5 4. Bg2 Nf6 5. e3 Be7 6. Nge2 O-O 7. b3 c6 8. Bb2 Be6 9. O-O Nbd7 10. d4 Bf7 11. d5 c5 12. f4 e4 13. h3 Bh5 14. g4 fxg4 15. Ng3 gxh3 16. Nxh5 hxg2 17. Rf2 Qe8 18. Ng3 Qg6 19. Rxg2 Ng4 20. Qe2 Bf6 21. Nf1 h5 22. Nh2 Rae8 23. Nxg4 hxg4 24. Rxg4 Qf5 25. Rf1 a6 26. Rf2 Kf7 27. Rh2 Rh8 28. Rxh8 Rxh8 29. Qg2 Qh5 30. a4 Qh3 31. Rg3 Qxg2+ 32. Rxg2 Bxc3 33. Bxc3 Nf6 34. Bxf6 gxf6 35. Rh2 Rxh2 36. Kxh2 f5 1/2-1/2


[Site "http://www.Chess.com"]

[Event "FIDE World Rapid Chess Championship 2021"]
[White "Onyshchuk, Volodymyr"]
[Black "Shevchenko, Kirill"]
[WhiteFideId "14114038"]
[BlackFideId "14129574"]
[WhiteElo "2687"]
[BlackElo "2508"]
[Result "1/2-1/2"]
[Round "07"]
[TimeControl "900+10"]
[Date "2021.12.27"]
[WhiteClock "0:03:47"]
[BlackClock "0:00:36"]

1. Nf3 Nf6 2. g3 g6 3. Bg2 Bg7 4. O-O O-O 5. Re1 d6 6. e4 e5 7. d4 exd4 8. Nxd4 Re8 9. Nc3 Bd7 10. h3 Nc6 11. Nde2 b5 12. a3 Rb8 13. g4 a5 14. Ng3 b4 15. axb4 axb4 16. Nce2 Bc8 17. Bg5 h6 18. Be3 Bb7 19. Qc1 Kh7 20. Nf4 Ra8 21. Rxa8 Qxa8 22. Nd3 Ne5 23. Nxe5 Rxe5 24. Bd4 Re6 25. f3 c5 26. Bf2 Nd7 27. b3 d5 28. exd5 Rxe1+ 29. Qxe1 Bxd5 30. Ne4 Qc6 31. Qd2 Ne5 32. Qe3 Bxe4 33. Qxe4 Qxe4 34. fxe4 c4 35. bxc4 Nxc4 36. Bc5 Bc3 37. Bf1 Nd2 38. Bd3 b3 39. cxb3 Nxb3 40. Ba3 Kg7 41. Kf2 Bd4+ 42. Kf3 Na5 43. Bb5 Be5 44. Bc5 Nb7 45. Bb4 Nd8 46. Bd7 Bd4 47. Be7 Nb7 48. Bc6 Nc5 1/2-1/2


[Site "http://www.Chess.com"]

[Event "FIDE World Rapid Chess Championship 2021"]
[White "Niemann, Hans Moke"]
[Black "Sarana, Alexey"]
[WhiteFideId "2093596"]
[BlackFideId "24133795"]
[WhiteElo "2327"]
[BlackElo "2680"]
[Result "1-0"]
[Round "07"]
[TimeControl "900+10"]
[Date "2021.12.27"]
[WhiteClock "0:11:04"]
[BlackClock "0:01:38"]

1. e4 c5 2. Nf3 d6 3. Nc3 Nf6 4. Bb5+ Nbd7 5. a4 g6 6. d4 cxd4 7. Nxd4 Bg7 8. O-O O-O 9. Be3 Qc7 10. Be2 a6 11. f4 Nb6 12. a5 Nc4 13. Bxc4 Qxc4 14. Qd3 Qxd3 15. cxd3 Ng4 16. Nc2 Nxe3 17. Nxe3 Bd4 18. Kf2 f5 19. Ke2 Bd7 20. Kd2 Bc6 21. Ned5 Rf7 22. Nc7 Rc8 23. Ne6 Bxc3+ 24. bxc3 fxe4 25. Ng5 e3+ 26. Kxe3 Rf5 27. g4 Rf6 28. c4 Rcf8 29. Ne4 R6f7 30. Rf2 d5 31. cxd5 Bxd5 32. Rc1 Bc6 33. Rc5 Kg7 34. Ng5 Rf6 35. Re5 Re8 36. h3 Rd6 37. Ne6+ Kg8 38. f5 gxf5 39. Rfxf5 Bd7 40. Rg5+ Kf7 41. Nc5 Bc6 42. Rgf5+ Rf6 43. Rxf6+ exf6 44. Rxe8 Kxe8 45. Kf4 Ke7 46. h4 Kd6 47. Ne4+ Ke6 48. h5 h6 49. Ng3 b6 50. axb6 a5 51. Ke3 a4 52. Kd4 a3 53. Kc3 Bf3 54. Nf5 Kd7 55. Nxh6 Kc6 56. Ng8 Kd5 1-0


[Site "http://www.Chess.com"]